 Dungeon Crawl Stone Soup version 0.30.1-9-gdf580d7c3d (webtiles) character file.

Game seed: 15198266247445381709

0 Amplified the Ducker (level 1, -1/16 HPs)
             Began as a Minotaur Hexslinger on Oct 19, 2023.
             Slain by a hobgoblin (4 damage)
             ... on level 1 of the Dungeon.
             The game lasted 00:00:35 (40 turns).

Amplified the Ducker (Minotaur Hexslinger)            Turns: 40, Time: 00:00:36

Health: -1/16      AC:  2    Str: 14    XL:     1   Next: 8%
Magic:  1/1        EV: 12    Int: 10    God:
Gold:   0          SH:  0    Dex: 10    Spells: 1/2 levels left

rFire   . . .        d - +0 hand axe
rCold   . . .        (no shield)
rNeg    . . .        c - +0 robe
rPois   .            (helmet restricted)
rElec   .            (no cloak)
rCorr   .            (no gloves)
SInv    .            (no boots)
Will    .....        (no amulet)
Stlth   +            (no ring)
HPRegen 0.22/turn    (no ring)
MPRegen 0.07/turn

%: no passive effects
@: no status effects
A: horns 2, retaliatory headbutt
a: no special abilities


You were on level 1 of the Dungeon.
You visited 1 branch of the dungeon, and saw 1 of its levels.

Inventory:

Hand Weapons
 a - a +1 sling
 d - a +0 hand axe (weapon)
Armour
 c - a +0 robe (worn)
Scrolls
 b - a scroll of poison


   Skills:
 * Level 1.2 Fighting
 * Level 0.0 Axes
 - Level 2.1 Ranged Weapons
 * Level 0.1 Armour
 - Level 2.1 Dodging
 - Level 1.0 Spellcasting
 - Level 2.0 Hexes


You had one spell level left.
You knew the following spells:

 Your Spells              Type           Power      Damage    Failure   Level
a - Slow                  Hex            16%        N/A       16%         1

Your spell library contained the following spells:

 Spells                   Type           Power      Damage    Failure   Level
 Inner Flame              Hex/Fire       2%         N/A       56%         3
 Portal Projectile        Hex/Tloc       4%         N/A       56%         3
 Cause Fear               Hex            2%         N/A       83%         4


Dungeon Overview and Level Annotations

Branches:
Dungeon (1/15)

Altars:


Innate Abilities, Weirdness & Mutations

You have a pair of horns on your head.
You reflexively headbutt those who attack you in melee.


Message History

As you read the scroll labelled FEGUL CIBASISO, it crumbles to dust.
It is a scroll of identify.
You don't currently have any unidentified items.
The hobgoblin shouts!
You hear a shout!
The hobgoblin barely misses you.
A rat comes into view.
The dart slug closely misses you. You furiously retaliate!
You headbutt the dart slug, but do no damage.
Okay, then.
You aren't carrying any potions.
Unknown command.
You aren't carrying any items that you can evoke.
Unknown command.
The hobgoblin barely misses you. The hobgoblin attacks as you move away!
The hobgoblin hits you. The hobgoblin attacks as you move away!
The hobgoblin hits you. The goblin hits you with a +0 dagger.
* * * LOW HITPOINT WARNING * * *
The hobgoblin attacks as you move away! The hobgoblin closely misses you.
Found 6 stones.
The goblin attacks as you move away! The goblin hits you with a +0 dagger.
* * * LOW HITPOINT WARNING * * *
A bat comes into view.
The bat barely misses you. You furiously retaliate!
You headbutt the bat!
You kill the bat!
A hobgoblin comes into view.
The hobgoblin attacks as you move away!
The hobgoblin hits you but does no damage.
The hobgoblin attacks as you move away! The hobgoblin misses you.
You furiously retaliate!
You headbutt the hobgoblin. The hobgoblin attacks as you move away!
The hobgoblin barely misses you.
A dart slug comes into view.
The dart slug launches a dart at you. The slug dart misses you.
The hobgoblin attacks as you move away! The hobgoblin hits you.
* * * LOW HITPOINT WARNING * * *
You barely miss the hobgoblin.
The hobgoblin is almost dead.
The hobgoblin hits you.
You die...

. .# ..### ##.# ...
...# ... #..#####.
#.# #.. ..w..
#..#####.##...#
#.@gg##.#..#
####......#
####g..# #....# #
#. #.##.####.#...
#....gg.......
#(.###w..>....
##.†g..........
#####..g##.........


You could see 2 hobgoblins and a goblin.

Vanquished Creatures
  A bat (D:1)
1 creature vanquished.

Notes
Turn   | Place    | Note
-------+----------+-------------------------------------------
     0 | D:1      | Amplified the Minotaur Hexslinger began the quest for the
                  | Orb.
     0 | D:1      | Reached XP level 1. HP: 16/16 MP: 1/1
    40 | D:1      | Slain by a hobgoblin

Illustrated notes

Levels and vault maps discovered:
D:1:      dpeg_arrival_tiny_b, layout_rooms, minmay_misc_feat_encased

Action                     || total
---------------------------++-------
  Melee: Hand axe          ||     1
    Use: Scroll            ||     1
 Armour: Robe              ||     1
  Dodge: Dodged            ||     8
